 Dungeon Crawl Stone Soup version 0.18-a0-1203-gbde16db (webtiles) character file.

442 Shaidar413 the Ruffian (level 6, -1/61 HPs)
             Began as a Troll Berserker on Jan 31, 2016.
             Was a Believer of Trog.
             Slain by Crazy Yiuf
             ... wielding a +4 quarterstaff of chaos
              (10 damage)
             ... on level 3 of the Dungeon.
             The game lasted 00:07:56 (2344 turns).

Shaidar413 the Ruffian (Troll Berserker)            Turns: 2344, Time: 00:07:57

Health: -1/61      AC:  5    Str: 28    XL:     6   Next: 71%
Magic:  5/5        EV: 10    Int:  3    God:    Trog [**....]
Gold:   175        SH:  0    Dex:  9    Spells: 0 memorised, 5 levels left

rFire  . . .     SeeInvis .       - Unarmed
rCold  . . .     Gourm    +     a - +0 animal skin
rNeg   . . .     Faith    .     (no shield)
rPois  .         Spirit   .     (helmet restricted)
rElec  .         Dismiss  .     (no cloak)
rCorr  .         Reflect  .     (gloves unavailable)
SustAt .         Harm     .     (boots unavailable)
MR     .....                    (no amulet)
Stlth  +.........               (no ring)
                                (no ring)

@: drained, not resistant to hostile enchantments, very unstealthy
A: unfitting armour, claws 3, fast metabolism 3, gourmand, regeneration 2,
shaggy fur 1, tough skin 2
a: Berserk, Trog's Hand, Burn Spellbooks, Renounce Religion


You were on level 3 of the Dungeon.
You worshipped Trog.
Trog was pleased with you.
You were full.

You visited 1 branch of the dungeon, and saw 3 of its levels.

You collected 175 gold pieces.

Inventory:

Armour
 a - a +0 animal skin (worn)
 k - a +0 shield
Wands
 n - a wand of polymorph (6/24)
 r - a wand of fireball (9/15)
Scrolls
 h - a scroll of enchant armour {unknown}
 i - 2 scrolls of amnesia {unknown}
 j - 2 scrolls of immolation {unknown}
 l - a scroll of identify {unknown}
 o - a scroll of teleportation {unknown}
 q - 2 scrolls of random uselessness {unknown}
 s - 3 scrolls of remove curse {unknown}
Potions
 c - a potion of lignification {unknown}
 d - a potion of heal wounds
 e - a potion of curing {unknown}
 g - a potion of might {unknown}
 t - a potion of resistance
Books
 p - a book of Beasts

   Spells                             Type                      Level
   a - Summon Butterflies             Summoning                    1
   b - Call Canine Familiar           Summoning                    3
   c - Summon Ice Beast               Ice/Summoning                4
   d - Summon Mana Viper              Hexes/Summoning              5
   e - Summon Hydra                   Summoning                    7
   Trog disapproves of the use of such an item.
Comestibles
 b - 3 bread rations
 f - a slice of pizza
 m - a beef jerky
 u - 4 fruits


   Skills:
 + Level 3.6(3.2) Fighting
 + Level 4.4(4.0) Dodging
 + Level 0.3(0.0) Stealth
 + Level 5.1(4.6) Unarmed Combat


You had 5 spell levels left.
You didn't know any spells.

Dungeon Overview and Level Annotations

Branches:
Dungeon (3/15)

Altars:
Ashenzari
Cheibriados
Fedhas
Qazlal
Ru
Yredelemnul

Annotations:
D:3 Crazy Yiuf


Innate Abilities, Weirdness & Mutations

You are too large for most types of armour.
You have claws for hands.
Your metabolism is lightning-fast.
You like to eat raw meat.
You heal very quickly.
You are covered in fur (AC +1).
You have very tough skin (AC +2).


Message History

You barely miss Crazy Yiuf.
Crazy Yiuf says, "Cards!
Buddy agre wrapper."
Crazy Yiuf drinks a potion.
Crazy Yiuf goes berserk!
Crazy Yiuf barely misses you. Crazy Yiuf closely misses you.
Crazy Yiuf hits you with a quarterstaff of chaos!
You feel drained.
You claw Crazy Yiuf!
Crazy Yiuf is heavily wounded.
Crazy Yiuf hits you with a quarterstaff of chaos!
Crazy Yiuf burns you.
You barely miss Crazy Yiuf.
Crazy Yiuf is heavily wounded.
Crazy Yiuf barely misses you.
You scratch Crazy Yiuf but do no damage.
Crazy Yiuf is heavily wounded.
Crazy Yiuf hits you with a quarterstaff of chaos!!
* * * LOW HITPOINT WARNING * * *
Crazy Yiuf freezes you!
You die...

#.##............#
#####.##.######.###.#
.........#
#.###.######
.##.....##
#..........# ..#######
####.....#.# .##
##.##.#.# .##
♣♣♣♣♣###.##.#.# ..#
### ♣♣♣.♣..#.#.##.#.#
..#
#...#♣..♣..g@..#.....#
### ..#
#.....♣♣♣♣......##.###
#.. ..# #)..#♣♣
♣♣.#..<##.# #.# ###
### ♣♣##..##.# #.# #
#####.########.# #
#..............# #
########
###.....########## #
#......###..#.#### #
#.###..##...#.#


You could see Crazy Yiuf (berserk).

Vanquished Creatures
  Sigmund (D:2)
  The ghost of Azzok the Cudgeler, an amateur FoFi (D:3)
  Jessica (D:3)
  Natasha (thrice) (D:2)
  Terence (D:2)
  3 adders (D:2)
  3 worms
  2 giant geckos
  An orc (D:3)
  4 giant cockroaches
  5 goblins
  5 hobgoblins
  2 jackals (D:3)
  2 quokkas (D:2)
  5 bats
  2 giant newts
  A kobold (D:1)
  3 rats (D:2)
45 creatures vanquished.

Notes
Turn   | Place    | Note
--------------------------------------------------------------
     0 | D:1      | Shaidar413 the Troll Berserker began the quest for the Orb.
     0 | D:1      | Reached XP level 1. HP: 22/22 MP: 0/0
   748 | D:1      | Reached XP level 2. HP: 29/29 MP: 1/1
   785 | D:2      | Found a snail-covered altar of Cheibriados.
   869 | D:2      | Noticed Sigmund
   875 | D:2      | HP: 1/29 [Sigmund/scythe (2)]
   885 | D:2      | Killed Sigmund
   885 | D:2      | Reached skill level 4 in Unarmed Combat
   885 | D:2      | Reached XP level 3. HP: 11/37 MP: 2/2
   885 | D:2      | Reached XP level 4. HP: 13/45 MP: 3/3
   885 | D:2      | Reached XP level 5. HP: 15/53 MP: 4/4
   970 | D:2      | Noticed Terence
   979 | D:2      | Killed Terence
   987 | D:2      | Found a shattered altar of Ashenzari.
   987 | D:2      | Found a stormy altar of Qazlal.
  1151 | D:2      | Reached ** piety under Trog
  1182 | D:2      | Found a sacrificial altar of Ru.
  1212 | D:2      | Found a blossoming altar of Fedhas.
  1234 | D:2      | Noticed Natasha
  1245 | D:2      | Killed Natasha
  1657 | D:2      | Reached XP level 6. HP: 61/61 MP: 5/5
  1687 | D:2      | Noticed Natasha
  1694 | D:2      | Killed Natasha
  1804 | D:2      | Noticed Natasha
  1837 | D:2      | Killed Natasha
  1869 | D:3      | Noticed Azzok's ghost (amateur FoFi)
  1879 | D:3      | Killed Azzok's ghost
  1926 | D:3      | Noticed Jessica
  1929 | D:3      | Killed Jessica
  1929 | D:3      | Reached skill level 5 in Unarmed Combat
  2050 | D:3      | Found a basalt altar of Yredelemnul.
  2330 | D:3      | Noticed Crazy Yiuf
  2344 | D:3      | Slain by Crazy Yiuf

Vault maps used:
D:1:      dpeg_arrival_another_circle
D:2:      nicolae_overflow_crystal_walls, lemuel_crystal_altar,
          nicolae_overflow_hidden_temple, hangedman_ru_absence, uniq_sigmund,
          uniq_terence, uniq_natasha
D:3:      kennysheep_ying_yang, first_bread, uniq_crazy_yiuf_cottage,
          uniq_jessica

Action                   |  1- 3 |  4- 6 || total
-------------------------+-------+-------++-------
Melee: Unarmed           |    37 |   108 ||   145
Invok: Berserk           |       |     2 ||     2
  Use: Potion            |     2 |       ||     2
  Eat: Chunk             |     4 |    17 ||    21
       Meat ration       |     1 |       ||     1
